Connexion

CAROLINA Hurricanes vs NEW YORK Rangers

Created - 16 décembre 2023 at 05:59

Goals
1 2 3 T
CAROLINA Hurricanes 0 1 1 2
NEW YORK Rangers 2 1 0 3
Shots
1 2 3 T
CAROLINA Hurricanes 3 14 6 23
NEW YORK Rangers 9 11 8 28

GoalsPenalties
1st period
1. NEW YORK Rangers , Ryan Strome 16 (Jon Merrill 17, Taylor Hall 27) at 5:50 (PP)
2. NEW YORK Rangers , Taylor Hall 21 (Torey Krug 39) at 8:43
KAndre Miller (CAR) for Goalie Interference (Minor) at 1:18
Tyler Motte (CAR) for Boarding (Minor) at 4:18
Torey Krug (NYR) for Interference (Minor) at 12:56
2nd period
3. CAROLINA Hurricanes , Owen Power 4 (James van Riemsdyk 18, Tyler Motte 20) at 9:12
4. NEW YORK Rangers , Ryan Strome 17 (Torey Krug 40, Jakob Chychrun 34) at 14:08 (PP)
Wayne Simmonds (CAR) for High sticking (Minor) at 13:28
3rd period
5. CAROLINA Hurricanes , James van Riemsdyk 13 (Owen Power 34, Ilya Samsonov) at 8:02 (PP)
Esa Lindell (CAR) for Cross-checking (Minor) at 4:10
Cody Goloubef (NYR) for High sticking (Minor) at 7:21
Goalie Stats
Ilya Samsonov (CAR), 25 saves from 28 shots - (0,893), L, 26-18-0, 60:00 minutes
Semyon Varlamov (NYR), 21 saves from 23 shots - (0,913), W, 15-7-1, 60:00 minutes
3 StarsOfficial
1 - Ryan Strome (NYR)
2 - Owen Power (CAR)
3 - Taylor Hall (NYR)
Referees : Marcus Vinnerberg and Justin StPierre
Linesman : Greg Devorski and Brad Lazarowich
Game Note
No Game Note
Finance
Level 1 -- Attendance: 5731 (95,52%) -- Ticket Income $716,375
Level 2 -- Attendance: 5200 (100,00%) -- Ticket Income $416,000
Level 3 -- Attendance: 2000 (100,00%) -- Ticket Income $100,000
Level 4 -- Attendance: 4000 (100,00%) -- Ticket Income $140,000
Luxury Box -- Attendance: 1000 (100,00%) -- Ticket Income $240,000
Game was played at the Madison Square Garden.
Total Attendance: 17931 (98,52%)
Total Ticket Income: $1,612,375
Other Income: $322,475
Total Income: $1,934,850



Team Name Goals Shots Shots Attemp Shots Blocked PIM HIT PP PK FO%
CAROLINA Hurricanes 2235388231 / 2 (50%)254%
NEW YORK Rangers 3286084192 / 4 (50%)146%

CAROLINA Hurricanes
Player Name POS G A P +/- PIM HIT SHT SB MP PP MP PP SHT PK MP PK SHT FO% FOT
Alexandre TexierC/LW000000015:500:0000:3400% 0
Blake LizotteC000000202:191:0220:000100% 1
Blake WheelerLW/RW0000041014:370:0000:3400% 1
Brandon SutterC/RW0000013016:530:4400:000100% 1
Brett PesceD000-1021024:261:0503:3000% 0
Cam YorkD0000000014:500:0000:3400% 0
Connor DewarC000000005:160:0000:00050% 6
Curtis LazarC/LW/RW0000021014:531:0200:00058% 19
Esa LindellD0001240120:431:3502:0600% 0
Jack HughesC0000002024:510:5404:04060% 25
James van RiemsdykLW/RW1120003018:250:4411:3200% 0
KAndre MillerD0000220114:490:0000:3400% 0
Marcus JohanssonC/LW/RW0000003020:520:5414:04050% 2
Owen PowerD1121021220:321:3502:0600% 0
Pontus AbergLW/RW0000003014:531:0200:000100% 1
Ryan EllisD000-1020224:261:0503:3000% 0
Tyler MotteC/LW/RW0110223016:520:4400:00050% 14
Wayne SimmondsLW/RW0000220118:190:5401:3200% 4
NEW YORK Rangers
Player Name POS G A P +/- PIM HIT SHT SB MP PP MP PP SHT PK MP PK SHT FO% FOT
Cody GoloubefD0000211119:080:0000:4600% 0
Jakob ChychrunD0111004224:084:0931:1900% 0
Jesse PuljujarviRW0000022112:430:0000:0000% 2
John MooreD000-1010017:172:0101:0900% 0
Jon MerrillD0110000220:272:0101:0300% 0
Kieffer BellowsLW0000012012:520:0000:000100% 1
Logan CoutureC/LW0000025017:163:0600:0000% 0
Logan StanleyD000-1040015:450:0000:3800% 0
Nolan PatrickC0000013017:253:0600:00057% 21
Ryan StromeC/RW2020014022:283:0421:58029% 21
Taylor HallC/LW1120001021:123:0400:42050% 4
Torey KrugD0221231123:134:0910:2500% 0
Travis KonecnyC/LW/RW0000001021:123:0400:42050% 2
Trevor MooreC/LW/RW000000106:420:0000:0000% 0
Ty DellandreaC000000006:510:0000:00067% 6
Tyler EnnisC/LW0000001112:430:0000:00046% 13
Vasili PodkolzinRW000001006:420:0000:0000% 0
Zach HymanC/LW/RW0000022019:143:0601:58050% 4



Play-by-Play

1st period


0:01 of 1st period - Jack Hughes wins face-off versus Ryan Strome in neutral zone.
0:14 of 1st period - Shot by Jack Hughes.
0:14 of 1st period - Stopped by Semyon Varlamov without a rebound.
0:15 of 1st period - Nolan Patrick wins face-off versus Tyler Motte in NEW YORK Rangers zone.
0:15 of 1st period - Nolan Patrick is hit by Brandon Sutter.
0:32 of 1st period - Nolan Patrick is hit by Owen Power and loses puck.
0:40 of 1st period - Nolan Patrick is hit by Esa Lindell and loses puck.
0:43 of 1st period - Shot by Logan Couture.
0:43 of 1st period - Shot Misses the Net.
0:45 of 1st period - Shot by Jon Merrill.
0:45 of 1st period - Shot Misses the Net.
0:47 of 1st period - Shot by Nolan Patrick.
0:47 of 1st period - Stopped by Ilya Samsonov without a rebound.
0:48 of 1st period - Curtis Lazar wins face-off versus Tyler Ennis in CAROLINA Hurricanes zone.
1:09 of 1st period - Shot by Pontus Aberg.
1:09 of 1st period - Shot Misses the Net.
1:14 of 1st period - Tyler Ennis is hit by Blake Wheeler and loses puck.
1:18 of 1st period - Minor Penalty to KAndre Miller for Goalie Interference.
1:19 of 1st period - Jack Hughes wins face-off versus Ryan Strome in CAROLINA Hurricanes zone.
1:38 of 1st period - Shot by Torey Krug.
1:38 of 1st period - Stopped by Ilya Samsonov with a rebound.
1:40 of 1st period - Shot by Torey Krug.
1:40 of 1st period - Shot Misses the Net.
1:42 of 1st period - Shot by Jakob Chychrun.
1:42 of 1st period - Stopped by Ilya Samsonov without a rebound.
1:43 of 1st period - Nolan Patrick wins face-off versus Wayne Simmonds in CAROLINA Hurricanes zone.
1:56 of 1st period - Shot by Nolan Patrick.
1:56 of 1st period - Shot Misses the Net.
1:58 of 1st period - Shot by John Moore.
1:58 of 1st period - Shot Blocked by Ryan Ellis.
3:34 of 1st period - Shot by Pontus Aberg.
3:34 of 1st period - Deflect By Curtis Lazar.
3:34 of 1st period - Shot Blocked by Jon Merrill.
3:52 of 1st period - Shot by Blake Wheeler.
3:52 of 1st period - Shot Misses the Net.
4:00 of 1st period - Shot by Pontus Aberg.
4:00 of 1st period - Shot Misses the Net.
4:11 of 1st period - Trevor Moore is hit by Esa Lindell and loses puck.
4:18 of 1st period - Minor Penalty to Tyler Motte for Boarding.
4:19 of 1st period - Jack Hughes wins face-off versus Nolan Patrick in CAROLINA Hurricanes zone.
4:51 of 1st period - Icing by Logan Couture.
4:52 of 1st period - Nolan Patrick wins face-off versus Wayne Simmonds in NEW YORK Rangers zone.
5:26 of 1st period - Icing by John Moore.
5:27 of 1st period - Travis Konecny wins face-off versus Wayne Simmonds in NEW YORK Rangers zone.
5:48 of 1st period - Shot by Jon Merrill.
5:48 of 1st period - Shot Misses the Net.
5:50 of 1st period - Shot by Ryan Strome.
5:50 of 1st period - Goal by Ryan Strome - CAROLINA Hurricanes : 0 - NEW YORK Rangers : 1.
5:51 of 1st period - Connor Dewar wins face-off versus Jesse Puljujarvi in neutral zone.
6:06 of 1st period - Jack Hughes is hit by Kieffer Bellows and loses puck.
6:23 of 1st period - Shot by Jack Hughes.
6:23 of 1st period - Shot Blocked by Tyler Ennis.
6:39 of 1st period - Alexandre Texier is hit by Ryan Strome and loses puck.
7:16 of 1st period - Icing by Owen Power.
7:17 of 1st period - Nolan Patrick wins face-off versus Connor Dewar in CAROLINA Hurricanes zone.
8:05 of 1st period - Icing by Cody Goloubef.
8:06 of 1st period - Tyler Motte wins face-off versus Nolan Patrick in NEW YORK Rangers zone.
8:40 of 1st period - Taylor Hall is hit by Brett Pesce and loses puck.
8:43 of 1st period - Shot by Taylor Hall.
8:43 of 1st period - Goal by Taylor Hall - CAROLINA Hurricanes : 0 - NEW YORK Rangers : 2.
8:44 of 1st period - Tyler Ennis wins face-off versus Curtis Lazar in neutral zone.
8:44 of 1st period - Tyler Ennis is hit by Blake Wheeler.
9:24 of 1st period - Shot by Pontus Aberg.
9:24 of 1st period - Shot Misses the Net.
10:44 of 1st period - Shot by Logan Couture.
10:44 of 1st period - Stopped by Ilya Samsonov with a rebound.
11:06 of 1st period - Shot by Logan Couture.
11:06 of 1st period - Stopped by Ilya Samsonov with a rebound.
12:18 of 1st period - Shot by Kieffer Bellows.
12:18 of 1st period - Shot Misses the Net.
12:20 of 1st period - Shot by Tyler Ennis.
12:20 of 1st period - Shot Misses the Net.
12:22 of 1st period - Shot by Jesse Puljujarvi.
12:22 of 1st period - Shot Misses the Net.
12:25 of 1st period - Jesse Puljujarvi is hit by KAndre Miller and loses puck.
12:52 of 1st period - Jesse Puljujarvi is hit by Blake Wheeler and loses puck.
12:56 of 1st period - Minor Penalty to Torey Krug for Interference.
12:57 of 1st period - Pontus Aberg wins face-off versus Zach Hyman in NEW YORK Rangers zone.
12:58 of 1st period - Shot by Esa Lindell.
12:58 of 1st period - Deflect By Blake Lizotte.
12:58 of 1st period - Stopped by Semyon Varlamov with a rebound.
13:00 of 1st period - Shot by Blake Lizotte.
13:00 of 1st period - Stopped by Semyon Varlamov without a rebound.
13:01 of 1st period - Blake Lizotte wins face-off versus Zach Hyman in NEW YORK Rangers zone.
16:05 of 1st period - Pontus Aberg is hit by Jesse Puljujarvi and loses puck.
17:46 of 1st period - Shot by Logan Couture.
17:46 of 1st period - Deflect By Nolan Patrick.
17:46 of 1st period - Stopped by Ilya Samsonov with a rebound.
17:48 of 1st period - Shot by Zach Hyman.
17:48 of 1st period - Shot Misses the Net.
17:50 of 1st period - Shot by Zach Hyman.
17:50 of 1st period - Shot Blocked by Wayne Simmonds.
17:52 of 1st period - Shot by Logan Couture.
17:52 of 1st period - Stopped by Ilya Samsonov without a rebound.
17:53 of 1st period - Ty Dellandrea wins face-off versus Curtis Lazar in CAROLINA Hurricanes zone.
17:53 of 1st period - Ty Dellandrea is hit by Brett Pesce.
17:59 of 1st period - Shot by Jakob Chychrun.
17:59 of 1st period - Shot Blocked by Ryan Ellis.
18:06 of 1st period - Brett Pesce is hit by Torey Krug and loses puck.
18:11 of 1st period - Shot by Pontus Aberg.
18:11 of 1st period - Shot Misses the Net.
18:13 of 1st period - Shot by Blake Wheeler.
18:13 of 1st period - Shot Misses the Net.
18:15 of 1st period - Shot by Ryan Ellis.
18:15 of 1st period - Shot Misses the Net.
19:12 of 1st period - Shot by Connor Dewar.
19:12 of 1st period - Shot Misses the Net.
19:29 of 1st period - Icing by Jack Hughes.
19:30 of 1st period - Ryan Strome wins face-off versus Connor Dewar in CAROLINA Hurricanes zone.
19:33 of 1st period - Shot by Travis Konecny.
19:33 of 1st period - Shot Misses the Net.
Goals for this period are 0 for CAROLINA Hurricanes vs 2 for NEW YORK Rangers.
Shots for this period are 3 for CAROLINA Hurricanes vs 9 for NEW YORK Rangers.

2nd period


0:01 of 2nd period - Jack Hughes wins face-off versus Ryan Strome in neutral zone.
0:03 of 2nd period - Brett Pesce is hit by Torey Krug and loses puck.
0:31 of 2nd period - Shot by Travis Konecny.
0:31 of 2nd period - Stopped by Ilya Samsonov without a rebound.
0:32 of 2nd period - Tyler Motte wins face-off versus Nolan Patrick in CAROLINA Hurricanes zone.
0:32 of 2nd period - Esa Lindell is hit by Zach Hyman and loses puck.
0:38 of 2nd period - Owen Power is hit by Logan Couture and loses puck.
0:45 of 2nd period - Shot by Tyler Motte.
0:45 of 2nd period - Stopped by Semyon Varlamov without a rebound.
0:46 of 2nd period - Curtis Lazar wins face-off versus Ty Dellandrea in NEW YORK Rangers zone.
1:04 of 2nd period - Icing by Ryan Ellis.
1:05 of 2nd period - Curtis Lazar wins face-off versus Ryan Strome in CAROLINA Hurricanes zone.
1:20 of 2nd period - Shot by Curtis Lazar.
1:20 of 2nd period - Shot Misses the Net.
1:22 of 2nd period - Shot by Pontus Aberg.
1:22 of 2nd period - Stopped by Semyon Varlamov without a rebound.
1:23 of 2nd period - Nolan Patrick wins face-off versus Jack Hughes in NEW YORK Rangers zone.
1:25 of 2nd period - Icing by Logan Couture.
1:26 of 2nd period - Nolan Patrick wins face-off versus Marcus Johansson in NEW YORK Rangers zone.
1:31 of 2nd period - Shot by Logan Couture.
1:31 of 2nd period - Stopped by Ilya Samsonov without a rebound.
1:32 of 2nd period - Jack Hughes wins face-off versus Ryan Strome in CAROLINA Hurricanes zone.
2:03 of 2nd period - Shot by Taylor Hall.
2:03 of 2nd period - Deflect By Ryan Strome.
2:03 of 2nd period - Stopped by Ilya Samsonov with a rebound.
3:03 of 2nd period - Ryan Ellis is hit by Torey Krug and loses puck.
3:09 of 2nd period - Torey Krug is hit by Wayne Simmonds and loses puck.
3:44 of 2nd period - Shot by Brandon Sutter.
3:44 of 2nd period - Stopped by Semyon Varlamov with a rebound.
3:46 of 2nd period - Shot by Brandon Sutter.
3:46 of 2nd period - Shot Hit the Post.
3:48 of 2nd period - Shot by James van Riemsdyk.
3:48 of 2nd period - Stopped by Semyon Varlamov without a rebound.
3:49 of 2nd period - Ryan Strome wins face-off versus Curtis Lazar in NEW YORK Rangers zone.
4:00 of 2nd period - Shot by Curtis Lazar.
4:00 of 2nd period - Stopped by Semyon Varlamov without a rebound.
4:01 of 2nd period - Ty Dellandrea wins face-off versus Tyler Motte in NEW YORK Rangers zone.
4:01 of 2nd period - Ty Dellandrea is hit by Tyler Motte.
5:21 of 2nd period - Icing by Pontus Aberg.
5:22 of 2nd period - Curtis Lazar wins face-off versus Nolan Patrick in CAROLINA Hurricanes zone.
5:35 of 2nd period - Shot by Pontus Aberg.
5:35 of 2nd period - Stopped by Semyon Varlamov without a rebound.
5:36 of 2nd period - Connor Dewar wins face-off versus Travis Konecny in NEW YORK Rangers zone.
5:41 of 2nd period - Shot by Jack Hughes.
5:41 of 2nd period - Stopped by Semyon Varlamov without a rebound.
5:42 of 2nd period - Ryan Strome wins face-off versus Curtis Lazar in NEW YORK Rangers zone.
6:19 of 2nd period - Icing by Travis Konecny.
6:20 of 2nd period - Jack Hughes wins face-off versus Ryan Strome in NEW YORK Rangers zone.
6:34 of 2nd period - Ryan Strome is hit by Wayne Simmonds and loses puck.
7:30 of 2nd period - Shot by Tyler Motte.
7:30 of 2nd period - Shot Misses the Net.
7:32 of 2nd period - Shot by James van Riemsdyk.
7:32 of 2nd period - Shot Misses the Net.
7:34 of 2nd period - Shot by Owen Power.
7:34 of 2nd period - Shot Blocked by Jon Merrill.
7:42 of 2nd period - Shot by Brandon Sutter.
7:42 of 2nd period - Shot Misses the Net.
7:54 of 2nd period - Shot by James van Riemsdyk.
7:54 of 2nd period - Deflect By Brandon Sutter.
7:54 of 2nd period - Stopped by Semyon Varlamov without a rebound.
7:55 of 2nd period - Curtis Lazar wins face-off versus Tyler Ennis in NEW YORK Rangers zone.
8:11 of 2nd period - Off-side.
8:12 of 2nd period - Ty Dellandrea wins face-off versus Jack Hughes in neutral zone.
8:17 of 2nd period - Shot by Jakob Chychrun.
8:17 of 2nd period - Stopped by Ilya Samsonov without a rebound.
8:18 of 2nd period - Jack Hughes wins face-off versus Ryan Strome in CAROLINA Hurricanes zone.
8:30 of 2nd period - Icing by Logan Stanley.
8:31 of 2nd period - Tyler Motte wins face-off versus Ryan Strome in NEW YORK Rangers zone.
9:05 of 2nd period - Tyler Motte is hit by John Moore and loses puck.
9:10 of 2nd period - Shot by James van Riemsdyk.
9:10 of 2nd period - Shot Misses the Net.
9:12 of 2nd period - Shot by Owen Power.
9:12 of 2nd period - Goal by Owen Power - CAROLINA Hurricanes : 1 - NEW YORK Rangers : 2.
9:13 of 2nd period - Nolan Patrick wins face-off versus Jack Hughes in neutral zone.
9:16 of 2nd period - Jack Hughes is hit by Logan Couture and loses puck.
9:30 of 2nd period - Shot by Nolan Patrick.
9:30 of 2nd period - Stopped by Ilya Samsonov with a rebound.
9:32 of 2nd period - Shot by Zach Hyman.
9:32 of 2nd period - Stopped by Ilya Samsonov without a rebound.
9:33 of 2nd period - Tyler Ennis wins face-off versus Curtis Lazar in CAROLINA Hurricanes zone.
10:05 of 2nd period - Icing by Jon Merrill.
10:06 of 2nd period - Tyler Ennis wins face-off versus Jack Hughes in NEW YORK Rangers zone.
10:21 of 2nd period - Shot by Kieffer Bellows.
10:21 of 2nd period - Stopped by Ilya Samsonov without a rebound.
10:22 of 2nd period - Nolan Patrick wins face-off versus Tyler Motte in CAROLINA Hurricanes zone.
10:39 of 2nd period - Shot by Zach Hyman.
10:39 of 2nd period - Stopped by Ilya Samsonov without a rebound.
10:40 of 2nd period - Taylor Hall wins face-off versus Jack Hughes in CAROLINA Hurricanes zone.
11:30 of 2nd period - Icing by John Moore.
11:31 of 2nd period - Ryan Strome wins face-off versus Tyler Motte in NEW YORK Rangers zone.
11:36 of 2nd period - Tyler Motte is hit by Logan Stanley and loses puck.
11:53 of 2nd period - Shot by James van Riemsdyk.
11:53 of 2nd period - Shot Misses the Net.
11:55 of 2nd period - Shot by James van Riemsdyk.
11:55 of 2nd period - Shot Blocked by Torey Krug.
12:11 of 2nd period - Shot by Brandon Sutter.
12:11 of 2nd period - Stopped by Semyon Varlamov without a rebound.
12:12 of 2nd period - Kieffer Bellows wins face-off versus Blake Wheeler in NEW YORK Rangers zone.
12:48 of 2nd period - Jesse Puljujarvi is hit by KAndre Miller and loses puck.
13:28 of 2nd period - Minor Penalty to Wayne Simmonds for High sticking.
13:29 of 2nd period - Jack Hughes wins face-off versus Taylor Hall in CAROLINA Hurricanes zone.
13:54 of 2nd period - Shot by Jakob Chychrun.
13:54 of 2nd period - Stopped by Ilya Samsonov with a rebound.
14:04 of 2nd period - Shot by Ryan Strome.
14:04 of 2nd period - Shot Misses the Net.
14:06 of 2nd period - Shot by Ryan Strome.
14:06 of 2nd period - Shot Blocked by Owen Power.
14:08 of 2nd period - Shot by Ryan Strome.
14:08 of 2nd period - Goal by Ryan Strome - CAROLINA Hurricanes : 1 - NEW YORK Rangers : 3.
14:09 of 2nd period - Nolan Patrick wins face-off versus Tyler Motte in neutral zone.
15:13 of 2nd period - Icing by Pontus Aberg.
15:14 of 2nd period - Curtis Lazar wins face-off versus Ryan Strome in CAROLINA Hurricanes zone.
15:40 of 2nd period - Taylor Hall is hit by Curtis Lazar and loses puck.
16:44 of 2nd period - Shot by Vasili Podkolzin.
16:44 of 2nd period - Deflect By Trevor Moore.
16:44 of 2nd period - Stopped by Ilya Samsonov without a rebound.
16:45 of 2nd period - Tyler Motte wins face-off versus Nolan Patrick in CAROLINA Hurricanes zone.
16:50 of 2nd period - Ryan Ellis is hit by Zach Hyman and loses puck.
17:37 of 2nd period - Icing by John Moore.
17:38 of 2nd period - Curtis Lazar wins face-off versus Nolan Patrick in NEW YORK Rangers zone.
18:07 of 2nd period - Shot by Pontus Aberg.
18:07 of 2nd period - Shot Blocked by Jakob Chychrun.
18:15 of 2nd period - Shot by Blake Wheeler.
18:15 of 2nd period - Stopped by Semyon Varlamov without a rebound.
18:16 of 2nd period - Jack Hughes wins face-off versus Tyler Ennis in NEW YORK Rangers zone.
18:19 of 2nd period - Shot by Jack Hughes.
18:19 of 2nd period - Shot Blocked by Jesse Puljujarvi.
18:21 of 2nd period - Shot by Marcus Johansson.
18:21 of 2nd period - Stopped by Semyon Varlamov without a rebound.
18:22 of 2nd period - Marcus Johansson wins face-off versus Tyler Ennis in NEW YORK Rangers zone.
18:35 of 2nd period - Shot by Marcus Johansson.
18:35 of 2nd period - Stopped by Semyon Varlamov without a rebound.
18:36 of 2nd period - Brandon Sutter wins face-off versus Ryan Strome in NEW YORK Rangers zone.
18:39 of 2nd period - Shot by James van Riemsdyk.
18:39 of 2nd period - Shot Misses the Net.
18:41 of 2nd period - Shot by James van Riemsdyk.
18:41 of 2nd period - Shot Misses the Net.
18:43 of 2nd period - Shot by Tyler Motte.
18:43 of 2nd period - Stopped by Semyon Varlamov without a rebound.
18:44 of 2nd period - Jack Hughes wins face-off versus Ryan Strome in NEW YORK Rangers zone.
19:52 of 2nd period - Off-side.
19:53 of 2nd period - Tyler Ennis wins face-off versus Curtis Lazar in neutral zone.
Goals for this period are 1 for CAROLINA Hurricanes vs 1 for NEW YORK Rangers.
Shots for this period are 14 for CAROLINA Hurricanes vs 11 for NEW YORK Rangers.

3rd period


0:01 of 3rd period - Nolan Patrick wins face-off versus Jack Hughes in neutral zone.
1:20 of 3rd period - Shot by James van Riemsdyk.
1:20 of 3rd period - Stopped by Semyon Varlamov without a rebound.
1:21 of 3rd period - Curtis Lazar wins face-off versus Jesse Puljujarvi in NEW YORK Rangers zone.
2:12 of 3rd period - Blake Wheeler is hit by Jesse Puljujarvi.
2:40 of 3rd period - Owen Power is hit by Nolan Patrick and loses puck.
3:06 of 3rd period - Logan Couture is hit by Esa Lindell and loses puck.
3:09 of 3rd period - Shot by Logan Couture.
3:09 of 3rd period - Shot Blocked by Owen Power.
3:13 of 3rd period - Shot by Nolan Patrick.
3:13 of 3rd period - Shot Misses the Net.
3:49 of 3rd period - Shot by Ryan Strome.
3:49 of 3rd period - Shot Blocked by Esa Lindell.
3:51 of 3rd period - Shot by Cody Goloubef.
3:51 of 3rd period - Shot Misses the Net.
3:53 of 3rd period - Shot by Jon Merrill.
3:53 of 3rd period - Shot Misses the Net.
4:10 of 3rd period - Minor Penalty to Esa Lindell for Cross-checking.
4:11 of 3rd period - Nolan Patrick wins face-off versus Jack Hughes in CAROLINA Hurricanes zone.
4:57 of 3rd period - Shot by Taylor Hall.
4:57 of 3rd period - Shot Misses the Net.
5:37 of 3rd period - Shot by Jakob Chychrun.
5:37 of 3rd period - Stopped by Ilya Samsonov without a rebound.
5:38 of 3rd period - Jack Hughes wins face-off versus Nolan Patrick in CAROLINA Hurricanes zone.
6:25 of 3rd period - Shot by Tyler Ennis.
6:25 of 3rd period - Stopped by Ilya Samsonov without a rebound.
6:26 of 3rd period - Ty Dellandrea wins face-off versus Curtis Lazar in CAROLINA Hurricanes zone.
7:13 of 3rd period - James van Riemsdyk is hit by Cody Goloubef and loses puck.
7:21 of 3rd period - Minor Penalty to Cody Goloubef for High sticking.
7:22 of 3rd period - Zach Hyman wins face-off versus Jack Hughes in NEW YORK Rangers zone.
7:50 of 3rd period - Shot by Marcus Johansson.
7:50 of 3rd period - Shot Blocked by Jakob Chychrun.
7:52 of 3rd period - Shot by Marcus Johansson.
7:52 of 3rd period - Stopped by Semyon Varlamov without a rebound.
7:53 of 3rd period - Zach Hyman wins face-off versus Tyler Motte in NEW YORK Rangers zone.
8:02 of 3rd period - Shot by James van Riemsdyk.
8:02 of 3rd period - Goal by James van Riemsdyk - CAROLINA Hurricanes : 2 - NEW YORK Rangers : 3.
8:03 of 3rd period - Curtis Lazar wins face-off versus Tyler Ennis in neutral zone.
8:15 of 3rd period - Blake Wheeler is hit by Logan Stanley and loses puck.
8:30 of 3rd period - Shot by Jesse Puljujarvi.
8:30 of 3rd period - Shot Misses the Net.
8:35 of 3rd period - Off-side.
8:36 of 3rd period - Ryan Strome wins face-off versus Wayne Simmonds in neutral zone.
9:34 of 3rd period - Shot by Logan Couture.
9:34 of 3rd period - Shot Misses the Net.
9:44 of 3rd period - Shot by Zach Hyman.
9:44 of 3rd period - Deflect By Nolan Patrick.
9:44 of 3rd period - Shot Misses the Net.
10:46 of 3rd period - Shot by Kieffer Bellows.
10:46 of 3rd period - Deflect By Jesse Puljujarvi.
10:46 of 3rd period - Stopped by Ilya Samsonov without a rebound.
10:47 of 3rd period - Tyler Motte wins face-off versus Ty Dellandrea in CAROLINA Hurricanes zone.
10:47 of 3rd period - Tyler Motte is hit by Vasili Podkolzin.
12:08 of 3rd period - Travis Konecny is hit by Curtis Lazar.
12:36 of 3rd period - Logan Stanley is hit by Blake Wheeler and loses puck.
12:57 of 3rd period - Shot by Logan Couture.
12:57 of 3rd period - Stopped by Ilya Samsonov without a rebound.
12:58 of 3rd period - Connor Dewar wins face-off versus Tyler Ennis in CAROLINA Hurricanes zone.
13:10 of 3rd period - Icing by Jakob Chychrun.
13:11 of 3rd period - Tyler Ennis wins face-off versus Connor Dewar in NEW YORK Rangers zone.
13:30 of 3rd period - Shot by Jesse Puljujarvi.
13:30 of 3rd period - Deflect By Kieffer Bellows.
13:30 of 3rd period - Stopped by Ilya Samsonov with a rebound.
13:32 of 3rd period - Shot by Tyler Ennis.
13:32 of 3rd period - Shot Blocked by Alexandre Texier.
13:34 of 3rd period - Shot by Tyler Ennis.
13:34 of 3rd period - Shot Misses the Net.
13:36 of 3rd period - Shot by Torey Krug.
13:36 of 3rd period - Shot Misses the Net.
13:41 of 3rd period - Jesse Puljujarvi is hit by Owen Power and loses puck.
14:00 of 3rd period - Shot by Ryan Strome.
14:00 of 3rd period - Stopped by Ilya Samsonov without a rebound.
14:01 of 3rd period - Nolan Patrick wins face-off versus Tyler Motte in CAROLINA Hurricanes zone.
14:20 of 3rd period - Shot by Brandon Sutter.
14:20 of 3rd period - Shot Misses the Net.
14:22 of 3rd period - Shot by Brett Pesce.
14:22 of 3rd period - Shot Blocked by Cody Goloubef.
14:38 of 3rd period - Shot by Tyler Motte.
14:38 of 3rd period - Shot Misses the Net.
14:40 of 3rd period - Shot by Brett Pesce.
14:40 of 3rd period - Stopped by Semyon Varlamov without a rebound.
14:41 of 3rd period - Curtis Lazar wins face-off versus Ryan Strome in NEW YORK Rangers zone.
14:53 of 3rd period - Blake Wheeler is hit by Logan Stanley and loses puck.
15:06 of 3rd period - Shot by Pontus Aberg.
15:06 of 3rd period - Shot Misses the Net.
15:08 of 3rd period - Shot by Pontus Aberg.
15:08 of 3rd period - Stopped by Semyon Varlamov without a rebound.
15:09 of 3rd period - Jack Hughes wins face-off versus Tyler Ennis in NEW YORK Rangers zone.
15:10 of 3rd period - Shot by Marcus Johansson.
15:10 of 3rd period - Shot Misses the Net.
15:21 of 3rd period - Shot by Jesse Puljujarvi.
15:21 of 3rd period - Deflect By Tyler Ennis.
15:21 of 3rd period - Shot Hit the Post.
15:25 of 3rd period - Shot by Jesse Puljujarvi.
15:25 of 3rd period - Stopped by Ilya Samsonov without a rebound.
15:26 of 3rd period - Tyler Motte wins face-off versus Nolan Patrick in CAROLINA Hurricanes zone.
15:39 of 3rd period - Shot by Zach Hyman.
15:39 of 3rd period - Shot Misses the Net.
15:41 of 3rd period - Shot by Zach Hyman.
15:41 of 3rd period - Deflect By Logan Couture.
15:41 of 3rd period - Shot Misses the Net.
15:51 of 3rd period - Shot by Logan Couture.
15:51 of 3rd period - Shot Misses the Net.
15:53 of 3rd period - Shot by Cody Goloubef.
15:53 of 3rd period - Stopped by Ilya Samsonov without a rebound.
15:54 of 3rd period - Ryan Strome wins face-off versus Curtis Lazar in CAROLINA Hurricanes zone.
16:10 of 3rd period - Icing by Travis Konecny.
16:11 of 3rd period - Jack Hughes wins face-off versus Ryan Strome in NEW YORK Rangers zone.
16:17 of 3rd period - Icing by Torey Krug.
16:18 of 3rd period - Jack Hughes wins face-off versus Ryan Strome in NEW YORK Rangers zone.
16:51 of 3rd period - Icing by Torey Krug.
16:52 of 3rd period - Tyler Motte wins face-off versus Taylor Hall in NEW YORK Rangers zone.
17:02 of 3rd period - Travis Konecny is hit by Esa Lindell and loses puck.
17:21 of 3rd period - Nolan Patrick is hit by Tyler Motte.
17:24 of 3rd period - Icing by Jon Merrill.
17:25 of 3rd period - Jack Hughes wins face-off versus Nolan Patrick in NEW YORK Rangers zone.
17:28 of 3rd period - Shot by Ryan Ellis.
17:28 of 3rd period - Shot Misses the Net.
17:39 of 3rd period - Icing by Brett Pesce.
17:40 of 3rd period - Tyler Ennis wins face-off versus Jack Hughes in CAROLINA Hurricanes zone.
17:40 of 3rd period - Logan Stanley is hit by Ryan Ellis and loses puck.
17:52 of 3rd period - Ryan Ellis is hit by Logan Stanley and loses puck.
18:14 of 3rd period - Jesse Puljujarvi is hit by Ryan Ellis and loses puck.
18:45 of 3rd period - Shot by Tyler Motte.
18:45 of 3rd period - Stopped by Semyon Varlamov without a rebound.
18:46 of 3rd period - Curtis Lazar wins face-off versus Ryan Strome in NEW YORK Rangers zone.
19:17 of 3rd period - Shot by Taylor Hall.
19:17 of 3rd period - Shot Blocked by KAndre Miller.
19:50 of 3rd period - Off-side.
19:51 of 3rd period - Taylor Hall wins face-off versus Jack Hughes in neutral zone.
Goals for this period are 1 for CAROLINA Hurricanes vs 0 for NEW YORK Rangers.
Shots for this period are 6 for CAROLINA Hurricanes vs 8 for NEW YORK Rangers.